 Dungeon Sprint DCSS version 0.22.1-1-ga44c0e56f4 (webtiles) character file.

40447 MuseOD the Unseen (level 13, -14/73 (74) HPs)
             Began as a Spriggan Enchanter on Sept 29, 2018.
             Was the Champion of Dithmenos.
             Shot with an arrow by a deep elf master archer (29 damage)
             ... in the Dungeon (Sprint III: "The Ten Rune Challenge").
             The game lasted 00:13:27 (5418 turns).

MuseOD the Unseen (Spriggan Enchanter)              Turns: 5418, Time: 00:13:28

HP:   -14/73 (74)   AC:  3    Str:  4    XL:     13   Next: 4%
MP:   24/33         EV: 18    Int: 25    God:    Dithmenos [******]
Gold: 3135          SH:  0    Dex: 20    Spells: 27/43 levels left

rFire    . . .     SeeInvis +   v - +10 dagger "Ofywafue" {pierce, Dex+4}
rCold    . . .     Gourm    .   (shield restricted)
rNeg     . . .     Faith    .   b - +0 robe
rPois    .         Spirit   .   u - +0 hat {Int+3}
rElec    .         Reflect  .   k - +0 cloak
rCorr    .         Harm     .   (gloves unavailable)
MR       ++...     NoTele   +   (boots unavailable)
Stlth    ++++++++++             (no amulet)
HPRegen  0.22/turn              (no ring)
MPRegen  0.23/turn              (no ring)

@: wreathed by umbra, very quick
A: very small, unfitting armour, see invisible, herbivore, speed 3, slow
metabolism 2
}: 1/10 runes: serpentine
a: Shadow Step, Shadow Form, Renounce Religion


You were in the Dungeon.
You worshipped Dithmenos.
Dithmenos was exalted by your worship.
You were hungry.

You visited 1 branch You collected 3282 gold pieces.
You spent 147 gold pieces at shops.

Inventory:

Hand Weapons
 a - a +1 dagger
 v - the +10 dagger "Ofywafue" (weapon) {pierce, Dex+4}
   (You bought it in a shop in the Dungeon)

   It inflicts extra damage upon your enemies.
   It affects your dexterity (+4).
Armour
 b - a +0 robe (worn)
 k - a +0 cloak (worn)
 u - a +0 hat of intelligence (worn)
Wands
 t - a wand of random effects (10)
Scrolls
 c - 2 scrolls of immolation
 j - a scroll of blinking
 n - a scroll of remove curse {unknown}
 p - a scroll of torment {unknown}
 q - a scroll of enchant armour
 r - a scroll of amnesia {unknown}
Potions
 e - 3 potions of curing
 f - a potion of invisibility {unknown}
 g - a potion of haste
 h - 2 potions of magic
 i - 2 potions of berserk rage
 l - 4 potions of mutation {unknown}
 m - a potion of degeneration {unknown}
 o - a potion of lignification {unknown}
 s - a potion of flight {unknown}
Comestibles
 d - 4 rations


   Skills:
 + Level 11.9 Fighting
 * Level 19.9 Short Blades
 - Level 3.0 Dodging
 + Level 20.3 Stealth
 + Level 15.8 Spellcasting
 + Level 7.3 Conjurations
 + Level 15.7 Hexes


You had 27 spell levels left.
You knew the following spells:

 Your Spells              Type           Power        Failure   Level  Hunger
a - Corona                Hex            #######      0%          1    None
b - Ensorcelled Hibernat  Hex/Ice        ######       1%          2    None
c - Confuse               Hex            #######.     0%          3    None
d - Dazzling Spray        Conj/Hex       ######       1%          3    None
e - Tukima's Dance        Hex            #######.     0%          3    None
f - Mephitic Cloud        Conj/Pois/Air  ####....     3%          3    None
g - Magic Dart            Conj           ####         1%          1    None

Your spell library contained the following spells:

 Spells                   Type           Power        Failure   Level  Hunger
 Slow                     Hex            #######.     0%          2    None
 Conjure Flame            Conj/Fire      #####...     1%          3    None
 Blink                    Tloc           N/A          4%          2    None
 Call Imp                 Summ           ###.....     4%          2    None


Dungeon Overview and Level Annotations

Branches:
Dungeon (1/1)

Altars:
Dithmenos
Elyvilon
Fedhas
Kikubaaqudgha
Okawaru
Qazlal
Ru
Sif Muna
Trog
Uskayaw
Vehumet
Wu Jian
Yredelemnul
Zin
The Shining One
Beogh

Shops:
D (?}}


Innate Abilities, Weirdness & Mutations

You are very small and have problems with some larger weapons.
You are too small for most types of armour.
You have supernaturally acute eyesight. (SInv)
You are a herbivore.
You cover ground extremely quickly.
You need to consume almost no food.


Message History

The deep elf master archer shoots an arrow.
The arrow completely misses you.
Casting: Dazzling Spray (safe; 1% risk of failure)
Confirm with . or Enter, or press ? or * to list all spells.
Aiming: Confuse (safe; 0% risk of failure)
Press: ? - help, Shift-Dir - straight line, f/p - deep elf master archer
Aim: a deep elf master archer, wielding a longbow and wearing a faintly humming The deep elf master archer resists with almost no effort.
Your shadow mimicks your spell!
The deep elf master archer resists with almost no effort.
The deep elf master archer shoots an arrow.
The arrow hits you!!
* * * LOW HITPOINT WARNING * * *
You emit a cloud of dark smoke.
The deep elf mage mumbles some strange words.
The deep elf mage blinks!
The deep elf demonologist gestures wildly while chanting.
The deep elf master archer shoots an arrow.
The arrow hits you!!
You die...

▓▓▓▓▓▓ # ##.##.#######
### ######.#...'.#...#
.e.'
#)........##.#(§§##≈3≈≈#
#.)).....###.#.§@≈≈≈4.§.
#))).......#)#)..##≈≈≈≈#
#)).#..#∩###)+[..# e.'
#)[#.##....####### #
#§#####################
#)§§§§§§#.)..)'.#.#.#.+
#÷#§§§#.#.#(..##.#.#.##
+)#§§§#.#.#)..#.#.#.#.#
#.#§§§#...#...##.#.#.#


You could see a deep elf master archer, a sun demon, a deep elf demonologist and
a rust devil.

Vanquished Creatures
  Rupert (D)
  Harold (D)
  Gastronok (D)
  A nagaraja (D)
  A deep elf annihilator (D)
  2 dire elephants (D)
  Snorg (D)
  2 hydras (D)
  A naga warrior (D)
  3 anacondas (D)
  A centaur warrior (D)
  2 deep elf knights (D)
  Urug (D)
  A death drake (D)
  A spriggan druid (D)
  2 unseen horrors (D)
  A lindwurm (D)
  An orc knight (D)
  Joseph (D)
  An orc sorcerer (D)
  4 deep elf magi (D)
  A guardian serpent (D)
  2 elephants (D)
  2 black mambas (D)
  2 spiny frogs (D)
  3 yaktaurs (D)
  A rime drake (D)
  A komodo dragon (D)
  3 wandering mushrooms (D)
  2 tyrant leeches (D)
  5 blink frogs (D)
  A shadow (D)
  3 redbacks (D)
  2 spriggans (D)
  2 nagas (D)
  2 water moccasins (D)
  A swamp drake (D)
  3 orc warriors (D)
  A necrophage (D)
  2 centaurs (D)
  An electric eel (D)
  A wizard (D)
  Crazy Yiuf (D)
  2 orc priests (D)
  A jelly (D)
  2 orc wizards (D)
  Jessica (D)
  A necromancer (D)
  3 humans (D)
  A kobold demonologist (D)
  An adder (D)
  An ooze (D)
  8 orcs (D)
  A rat (D)
94 creatures vanquished.

Vanquished Creatures (others)
  2 draconian scorchers (D)
  6 hellions (D)
  3 yaktaurs (D)
  2 orc high priests (D)
  2 orc priests (D)
  8 plants (D)
23 creatures vanquished.

Grand Total: 117 creatures vanquished

Notes
Turn   | Place    | Note
-------+----------+-------------------------------------------
     0 | D        | MuseOD the Spriggan Enchanter began the quest for the Orb.
     0 | D        | Reached XP level 1. HP: 9/9 MP: 5/5
    11 | D        | Reached skill level 1 in Fighting
    11 | D        | Reached skill level 5 in Stealth
    24 | D        | Noticed Jessica
    28 | D        | Killed Jessica
    28 | D        | Reached skill level 6 in Stealth
    28 | D        | Reached XP level 2. HP: 15/15 MP: 6/6
    28 | D        | Reached XP level 3. HP: 18/18 MP: 8/8
    32 | D        | Learned a level 2 spell: Ensorcelled Hibernation
    36 | D        | Learned a level 3 spell: Confuse
    44 | D        | Noticed Crazy Yiuf
    47 | D        | Killed Crazy Yiuf
    47 | D        | Reached skill level 5 in Short Blades
    47 | D        | Reached skill level 7 in Stealth
    57 | D        | Reached XP level 4. HP: 19/24 MP: 2/9
   116 | D        | Killed a hellion
   116 | D        | Killed a hellion
   118 | D        | Killed a hellion
   134 | D        | Noticed a water elemental
   143 | D        | Killed a hellion
   144 | D        | Killed a hellion
   224 | D        | Killed a white draconian scorcher
   229 | D        | Killed a yaktaur
   240 | D        | Killed a white draconian scorcher
   269 | D        | Killed a hellion
   355 | D        | Found a basalt altar of Yredelemnul.
   355 | D        | Found a shadowy altar of Dithmenos.
   355 | D        | Found a sacrificial altar of Ru.
   355 | D        | Noticed a necrophage
   357 | D        | Reached skill level 8 in Stealth
   358 | D        | Killed a necrophage
   358 | D        | Reached skill level 9 in Stealth
   358 | D        | Reached skill level 5 in Hexes
   358 | D        | Reached XP level 5. HP: 29/29 MP: 9/12
   362 | D        | Became a worshipper of Dithmenos the Shadowed
   411 | D        | Found a glowing silver altar of Zin.
   411 | D        | Found a glowing golden altar of the Shining One.
   411 | D        | Found a white marble altar of Elyvilon.
   411 | D        | Noticed a deep elf mage
   414 | D        | Killed a deep elf mage
   414 | D        | Reached skill level 5 in Fighting
   414 | D        | Reached skill level 10 in Short Blades
   414 | D        | Reached skill level 11 in Stealth
   414 | D        | Reached XP level 6. HP: 35/35 MP: 12/16
   414 | D        | Reached XP level 7. HP: 39/39 MP: 13/18
   447 | D        | Found a hide-covered altar of Uskayaw.
   447 | D        | Found a roughly hewn altar of Beogh.
   447 | D        | Found an iron altar of Okawaru.
   447 | D        | Found a bloodstained altar of Trog.
   447 | D        | Found an ornate altar of the Wu Jian Council.
   447 | D        | Noticed a human
   447 | D        | Noticed a human
   455 | D        | Killed a human
   457 | D        | Killed a human
   457 | D        | Reached * piety under Dithmenos
   524 | D        | Learned a level 3 spell: Dazzling Spray
   528 | D        | Learned a level 3 spell: Tukima's Dance
   529 | D        | Found a radiant altar of Vehumet.
   530 | D        | Found a deep blue altar of Sif Muna.
   530 | D        | Found an ancient bone altar of Kikubaaqudgha.
   531 | D        | Reached skill level 12 in Stealth
   545 | D        | Learned a level 3 spell: Mephitic Cloud
   558 | D        | Noticed a shadow
   560 | D        | Killed a shadow
   560 | D        | Reached ** piety under Dithmenos
   560 | D        | Reached XP level 8. HP: 44/44 MP: 21/21
   578 | D        | Noticed Snorg
   601 | D        | Killed Snorg
   601 | D        | Reached skill level 13 in Stealth
  1170 | D        | Killed a yaktaur
  1177 | D        | Learned a level 1 spell: Magic Dart
  1439 | D        | Killed a yaktaur
  1501 | D        | Noticed a centaur warrior
  1517 | D        | Reached *** piety under Dithmenos
  1517 | D        | Reached XP level 9. HP: 21/50 MP: 8/23
  1521 | D        | Killed a centaur warrior
  1521 | D        | Reached skill level 14 in Stealth
  1521 | D        | Reached skill level 10 in Spellcasting
  1521 | D        | Reached skill level 10 in Hexes
  1696 | D        | Noticed an unseen horror
  1696 | D        | Noticed an unseen horror
  1697 | D        | Killed an unseen horror
  1699 | D        | Killed an unseen horror
  1702 | D        | Noticed Harold
  1702 | D        | Noticed Joseph
  1706 | D        | Killed Harold
  1706 | D        | Reached **** piety under Dithmenos
  1706 | D        | Reached skill level 15 in Short Blades
  1706 | D        | Reached skill level 15 in Stealth
  1706 | D        | Reached XP level 10. HP: 57/57 MP: 24/26
  1707 | D        | Killed Joseph
  1707 | D        | Reached skill level 16 in Stealth
  1951 | D        | Reached skill level 1 in Conjurations
  2384 | D        | Reached ***** piety under Dithmenos
  2539 | D        | Noticed a spiny frog
  2539 | D        | Noticed a spiny frog
  2542 | D        | Killed a spiny frog
  2545 | D        | Killed a spiny frog
  2545 | D        | Reached XP level 11. HP: 61/61 MP: 28/28
  2711 | D        | Noticed a lindwurm
  2716 | D        | Killed a lindwurm
  2716 | D        | Reached skill level 17 in Stealth
  2787 | D        | Reached ****** piety under Dithmenos
  2788 | D        | Noticed Urug
  2791 | D        | Killed Urug
  2837 | D        | Noticed a five-headed hydra
  2837 | D        | Noticed a four-headed hydra
  2858 | D        | Killed a five-headed hydra
  2858 | D        | Reached skill level 10 in Fighting
  2866 | D        | Killed a four-headed hydra
  2869 | D        | Noticed a death drake
  2872 | D        | Killed a death drake
  3040 | D        | Noticed an anaconda
  3040 | D        | Noticed an anaconda
  3045 | D        | Killed an anaconda
  3047 | D        | Killed an anaconda
  3047 | D        | Reached skill level 18 in Stealth
  3123 | D        | Noticed an anaconda
  3129 | D        | Killed an anaconda
  3199 | D        | Noticed a naga warrior
  3199 | D        | Noticed a nagaraja
  3201 | D        | Found Orub's Antique Weapon Shop.
  3201 | D        | Found Kelasm's Magic Scroll Shoppe.
  3203 | D        | Found Jigeg's Gadget Boutique.
  3216 | D        | Killed a nagaraja
  3216 | D        | Reached skill level 5 in Conjurations
  3216 | D        | Reached XP level 12. HP: 57/68 MP: 19/31
  3222 | D        | Killed a naga warrior
  3336 | D        | Got a serpentine rune of Zot
  3391 | D        | Found a blossoming altar of Fedhas.
  3466 | D        | Reached skill level 19 in Stealth
  3920 | D        | Noticed a dire elephant
  3920 | D        | Noticed a dire elephant
  3920 | D        | Noticed Gastronok
  3926 | D        | Killed a dire elephant
  3928 | D        | Killed a dire elephant
  3928 | D        | Reached skill level 15 in Spellcasting
  3928 | D        | Reached skill level 15 in Hexes
  3930 | D        | Killed Gastronok
  3939 | D        | Noticed an azure jelly
  3939 | D        | Noticed an azure jelly
  3939 | D        | Noticed an azure jelly
  3940 | D        | Noticed an azure jelly
  3942 | D        | Noticed Rupert
  3986 | D        | Killed Rupert
  4169 | D        | Found Tizucs's Gadget Shop.
  4183 | D        | Reached skill level 20 in Stealth
  4414 | D        | Found a blossoming altar of Fedhas.
  4414 | D        | Found a stormy altar of Qazlal.
  4729 | D        | Bought a twisted dagger for 147 gold pieces
  4729 | D        | Identified the +10 dagger "Ofywafue" {pierce, Dex+4} (You
                  | bought it in a shop in the Dungeon)
  4898 | D        | Reached XP level 13. HP: 73/73 MP: 22/33
  4953 | D        | Noticed a deep elf annihilator
  4955 | D        | Noticed a deep elf death mage
  4957 | D        | Noticed a deep elf death mage
  4958 | D        | Noticed a deep elf master archer
  4959 | D        | Killed a deep elf annihilator
  4965 | D        | Noticed a deep elf annihilator
  4969 | D        | Noticed a deep elf demonologist
  5418 | D        | Shot with an arrow by a deep elf master archer

Skill      XL: |  1  2  3  4  5  6  7  8  9 10 11 12 |
---------------+-------------------------------------+-----
Fighting       | 2 3 4 5 6 7 8 9 10 11 | 11.9
Short Blades   | 4 6 8 10 11 13 15 16 18 19 | 19.9
Stealth        | 6 7 9 11 12 13 15 16 18 20 | 20.3
Spellcasting   | 4 6 8 9 11 12 14 15 | 15.8
Hexes          | 5 7 8 9 11 12 14 15 | 15.7
Conjurations   | 2 5 7 |  7.3
Dodging        | |  3.0

Action                   |  1- 3 |  4- 6 |  7- 9 | 10-12 | 13-15 || total
-------------------------+-------+-------+-------+-------+-------++-------
Melee: Dagger            |    11 |     3 |    27 |   127 |       ||   168
 Cast: Confuse           |     2 |       |     8 |    37 |     1 ||    48
       Magic Dart        |       |       |    29 |       |       ||    29
       Dazzling Spray    |       |       |    23 |    32 |    19 ||    74
       Ensorcelled Hiber |       |       |     1 |    18 |       ||    19
       Mephitic Cloud    |       |       |       |     5 |       ||     5
Invok: Shadow Step       |       |       |       |     1 |       ||     1
Evoke: Wand              |       |       |    15 |       |       ||    15
  Use: Scroll            |       |       |     2 |       |       ||     2
       Potion            |       |       |     1 |       |       ||     1
 Stab: Sleeping          |     4 |     3 |     9 |    33 |       ||    49
       Confused          |     2 |       |     5 |    14 |       ||    21
       Invisible         |       |       |     1 |     5 |       ||     6
       Distracted        |       |       |       |     1 |       ||     1
  Eat: Ration            |       |       |       |     1 |       ||     1
Armor: Robe              |       |       |       |     2 |       ||     2
Dodge: Dodged            |       |     2 |    13 |    63 |     6 ||    84
